 Dungeon Crawl Stone Soup version 0.28.0-47-ge53b351184 (webtiles) character file.

Game seed: 16994314417404947483

50550 CryoSword the Brawler (level 14, 0/139 (144) HPs)
             Began as a Troll Cinder Acolyte on May 3, 2022.
             Was a Follower of Ignis.
             Slain by an anaconda simulacrum (6 damage)
             ... in an ice cave.
             The game lasted 00:48:07 (16552 turns).

CryoSword the Brawler (Troll Cinder Acolyte)       Turns: 16552, Time: 00:48:08

HP:   0/139 (144)   AC: 14    Str: 25    XL:     14   Next: 20%
MP:   0/17          EV:  7    Int: 17    God:    Ignis [*.....]
Gold: 1057          SH:  0    Dex:  5    Spells: 4/19 levels left

rFire   + . .      SeeInvis +     - Unarmed
rCold   + . .      Faith    .   (no shield)
rNeg    . . .      Spirit   +   D - +2 robe {rC+}
rPois   +          Reflect  .   R - +1 hat {Int+3}
rElec   .          Harm     .   T - +2 cloak of the Thief {*Fog Slay-2 SInv Stlth+}
rCorr   .          Rampage  .   (gloves unavailable)
Will    +....                   (boots unavailable)
Stlth   ++........              f - amulet of guardian spirit
HPRegen 1.13/turn               v - +4 ring of protection {=R}
MPRegen 0.15/turn               K - ring of poison resistance

@: constricted, lightly drained
A: large, unfitting armour, claws 3, regeneration 1, shaggy fur 1, tough skin 1
a: Renounce Religion, Fiery Armour, Foxfire Swarm, Rising Flame


You were in an ice cave.
You worshipped Ignis.
Ignis was aware of your devotion.
You visited 2 branches of the dungeon, and saw 17 of its levels.
You also visited: Sewer, Ossuary, Gauntlet, Ice Cave and Volcano.

You collected 1057 gold pieces.

Inventory:

Hand Weapons
 w - the +6 spear of Gozag's Approval {vorpal, Will+ Str+2 Dex+4}
   (You found it on level 4 of the Dungeon)

   It inflicts extra damage upon your enemies.
   Str:       It affects your strength (+2).
   Dex:       It affects your dexterity (+4).
   Will:      It increases your willpower.
Missiles
 i - 6 silver javelins
 j - 4 curare-tipped darts
 x - 27 poisoned darts
 H - 3 boomerangs
 Q - 8 large rocks
Armour
 B - a +0 troll leather armour
   (You found it on level 9 of the Dungeon)
 D - a +2 robe of cold resistance (worn)
   (You took it off Fannar on level 1 of the Lair of Beasts)
 R - a +1 hat of intelligence (worn)
   (You took it off Gastronok on level 1 of the Lair of Beasts)
 T - the +2 cloak of the Thief (worn) {*Fog Slay-2 SInv Stlth+}
   (You found it in a volcano)

   It may release a thick cloud of smoke when the wearer is hurt.
   Slay:      It affects your accuracy & damage with ranged weapons and melee
   (-2).
   SInv:      It lets you see invisible.
   Stlth:     It makes you more stealthy.
Magical Staves
 a - a staff of death
   (You found it in an ossuary)
 J - a staff of cold
   (You took it off Fannar on level 1 of the Lair of Beasts)
Jewellery
 c - a ring of flight
   (You found it on level 4 of the Dungeon)
 f - an amulet of guardian spirit (around neck)
   (You found it on level 6 of the Dungeon)
 l - a ring of wizardry
   (You took it off a kobold on level 3 of the Dungeon)
 v - a +4 ring of protection (left claw) {=R}
   (You found it on level 4 of the Dungeon)
 z - a +6 ring of intelligence
   (You found it on level 1 of the Lair of Beasts)
 I - a ring of willpower
   (You found it on level 5 of the Dungeon)
 K - a ring of poison resistance (right claw)
   (You found it on level 6 of the Dungeon)
 L - a ring of willpower
   (You found it on level 6 of the Dungeon)
Wands
 m - a wand of acid (2)
   (You found it on level 9 of the Dungeon)
 t - a wand of charming (12)
   (You found it on level 8 of the Dungeon)
 u - a wand of flame (9)
   (You found it on level 3 of the Lair of Beasts)
 M - a wand of digging (11)
   (You took it off an orc on level 11 of the Dungeon)
 O - a wand of iceblast (11) (quivered)
   (You took it off Maurice on level 8 of the Dungeon)
 V - a wand of mindburst (12)
   (You found it in a Gauntlet)
Scrolls
 b - a scroll of holy word {unknown}
 g - 4 scrolls of magic mapping
 k - 2 scrolls of fog {unknown}
 o - 3 scrolls of teleportation {@r4}
 y - 2 scrolls of amnesia
 E - a scroll of summoning {unknown}
Potions
 d - 5 potions of curing {@q1}
 e - 3 potions of might
 h - 5 potions of attraction {!q}
 n - 6 potions of haste {unknown}
 p - 4 potions of brilliance {unknown}
 q - 6 potions of magic {unknown}
 r - 4 potions of cancellation {unknown}
 s - 2 potions of berserk rage {unknown}
 A - 3 potions of resistance {unknown}
 C - 3 potions of mutation {unknown}
 F - a potion of experience {unknown}
 G - 2 potions of lignification {unknown}
 N - 4 potions of heal wounds {@q2}
 S - 4 potions of invisibility
 U - 2 potions of ambrosia {unknown}
Miscellaneous
 P - a phantom mirror (inert)
   (You found it on level 11 of the Dungeon)
 X - a lightning rod (2/4) {!a}
   (You found it in a Gauntlet)


   Skills:
 + Level 10.5 Fighting
 - Level 5.0 Armour
 - Level 8.0 Dodging
 + Level 1.4 Stealth
 * Level 17.0 Unarmed Combat
 - Level 3.0 Spellcasting
 + Level 4.9 Necromancy
 + Level 3.0 Transmutations
 - Level 2.1 Fire Magic


You had 4 spell levels left.
You knew the following spells:

 Your Spells              Type           Power      Damage    Failure   Level
a - Scorch                Fire           18%        2d6       11%         2
b - Agony                 Necr           19%        N/A       54%         5
L - Necromutation         Tmut/Necr      8%         N/A       100%        8

Your spell library contained the following spells:

 Spells                   Type           Power      Damage    Failure   Level
 Pain                     Necr           76%        1d7       2%          1
 Passwall                 Tmut/Erth      5%         N/A       14%         2
 Freeze                   Ice            8%         1d3       17%         1
 Sandblast                Erth           4%         2d4       17%         1
 Summon Small Mammal      Summ           8%         N/A       17%         1
 Static Discharge         Conj/Air       2%         N/A       26%         2
 Call Canine Familiar     Summ           2%         N/A       45%         3
 Frozen Ramparts          Ice            4%         1d2       45%         3
 Ozocubu's Armour         Ice            2%         N/A       45%         3
 Stone Arrow              Conj/Erth      4%         3d7       45%         3
 Summon Guardian Golem    Hex/Summ       2%         N/A       45%         3
 Ice Form                 Ice/Tmut       7%         N/A       67%         4
 Hailstorm                Conj/Ice       2%         3d3       86%         4
 Excruciating Wounds      Necr           9%         N/A       54%         5
 Lightning Bolt           Conj/Air       1%         1d12      99%         5
 Metabolic Englaciation   Hex/Ice        1%         N/A       99%         5
 Simulacrum               Ice/Necr       5%         N/A       100%        6
 Borgnjor's Revivificati  Necr           9%         N/A       100%        8
 Maxwell's Capacitive Co  Air            1%         ∞         100%        8
 Death's Door             Necr           9%         N/A       100%        9


Dungeon Overview and Level Annotations

Branches:
Dungeon (11/15)            Temple (0/1) D:4            Lair (6/6) D:11
 Shoals (0/4) Lair:2       Spider (0/4) Lair:2        Slime (0/5) Lair:5
    Orc (0/2) D:9           Sewer (visited)         Ossuary (visited)
  IceCv (1/1)             Volcano (visited)         Gauntlet (visited)

Altars:
Hepliaklqana
Nemelex Xobeh
Qazlal
Trog
Wu Jian
Zin

Annotations:
D:4 1 runed translucent door, Vanger27's ghost, amateur GrFi
D:7 3 runed translucent doors, Peloso's ghost, novice MiFi
D:8 3 runed translucent doors, 101zpm's ghost, novice DjFE
D:11 3 runed translucent doors, CryoSword's ghost, journeyman GrEE; spica's ghost, novice MiBe
Lair:3 1 runed translucent door, Yjeari's ghost, journeyman GrMo


Innate Abilities, Weirdness & Mutations

You are too large for most types of armour.
You have claws for hands.
Your natural rate of healing is unusually fast.
You are covered in fur. (AC +1)
You have tough skin. (AC +1)


Message History

The white imp shouts!
You claw the spriggan simulacrum!
A wolf simulacrum comes into view.
The white imp gestures at you. The puff of frost misses you.
A two-headed ogre simulacrum comes into view.
The cane toad simulacrum hits you! The cane toad simulacrum freezes you!
You resist.
The cane toad simulacrum melts!
The cane toad simulacrum is burned by your cloak of flames.
You scratch the cane toad simulacrum. You claw the cane toad simulacrum!
You closely miss the white imp. Your claw misses the white imp.
The white imp gestures at you.
The puff of frost hits you but does no damage.
You scratch the white imp. You closely miss the white imp.
The wolf simulacrum barely misses you.
You claw the wolf simulacrum!
The wolf simulacrum bites you but does no damage.
The wolf simulacrum melts!
The wolf simulacrum is burned by your cloak of flames.
The white imp barely misses you.
You scratch the naga simulacrum. Your claw misses the naga simulacrum.
You scratch the naga simulacrum. The white imp barely misses you.
The naga simulacrum closely misses you. The naga simulacrum grabs you.
The naga simulacrum melts!
The naga simulacrum is burned by your cloak of flames.
The white imp closely misses you.
You mangle the white imp!!
You kill the white imp!
The white imp is engulfed in freezing vapours.
You scratch the white imp but do no damage.
You claw the white imp!
You kill the white imp!
You mangle the polar bear simulacrum!!
You claw the two-headed ogre simulacrum! x2
The polar bear simulacrum bites you! The polar bear simulacrum freezes you!
You resist.
The polar bear simulacrum barely misses you. x2
You claw the polar bear simulacrum! x2
The two-headed ogre simulacrum hits you but does no damage.
The two-headed ogre simulacrum melts!
The two-headed ogre simulacrum is burned by your cloak of flames.
You eviscerate the elephant simulacrum!!!
You start resting.
Unknown command.
Your fiery armour burns out.
An ice devil and a harpy simulacrum come into view.
The ice devil hits you! The ice devil freezes you. You resist.
You claw the ice devil! The harpy simulacrum claws you.
The harpy simulacrum freezes you. You resist. The harpy simulacrum claws you.
The harpy simulacrum freezes you! You resist.
The ice devil hits you but does no damage.
You closely miss the ice devil. The harpy simulacrum claws you.
The harpy simulacrum freezes you! You resist.
The harpy simulacrum closely misses you.
The harpy simulacrum claws you. The harpy simulacrum freezes you. You resist.
The harpy simulacrum claws you but does no damage.
You claw the ice devil! Your claw misses the ice devil.
The harpy simulacrum claws you but does no damage. x2
The ice devil hits you. The ice devil freezes you! You resist.
You are too injured to fight recklessly!
You barely miss the ice devil.
The harpy simulacrum closely misses you. x2
The ice devil hits you but does no damage.
The harpy simulacrum claws you. The harpy simulacrum freezes you. You resist.
The harpy simulacrum barely misses you.
You mangle the harpy simulacrum!! The harpy simulacrum claws you!
The harpy simulacrum freezes you! You resist.
* * * LOW HITPOINT WARNING * * *
The harpy simulacrum claws you but does no damage.
The harpy simulacrum claws you!
* * * LOW HITPOINT WARNING * * *
The harpy simulacrum freezes you. You resist.
* * * LOW HITPOINT WARNING * * *
The harpy simulacrum barely misses you.
You claw the harpy simulacrum! The ice devil completely misses you.
Your Unarmed Combat skill increases to level 17!
You mangle the ice devil!!
You kill the ice devil!
You start resting.
An entropy weaver simulacrum and an anaconda simulacrum come into view.
The anaconda simulacrum grabs you. The anaconda simulacrum bites you!
The anaconda simulacrum freezes you! You resist.
The anaconda simulacrum constricts you.
You closely miss the anaconda simulacrum.
The anaconda simulacrum bites you. The anaconda simulacrum freezes you!
You resist. The anaconda simulacrum constricts you.
You barely miss the entropy weaver simulacrum.
The anaconda simulacrum bites you but does no damage.
The anaconda simulacrum constricts you.
The entropy weaver simulacrum hits you but does no damage.
The entropy weaver simulacrum hits you.
The entropy weaver simulacrum freezes you!
You resist.
The entropy weaver simulacrum hits you but does no damage. x2
You mangle the entropy weaver simulacrum!!
The anaconda simulacrum bites you but does no damage.
The anaconda simulacrum constricts you. The entropy weaver simulacrum hits you!
The entropy weaver simulacrum freezes you!!
You resist.
* * * LOW HITPOINT WARNING * * *
The entropy weaver simulacrum hits you but does no damage.
The entropy weaver simulacrum hits you!
* * * LOW HITPOINT WARNING * * *
The entropy weaver simulacrum freezes you!
You resist.
* * * LOW HITPOINT WARNING * * *
With a swish of your cloak, you release a cloud of fog.
The entropy weaver simulacrum closely misses you.
The anaconda simulacrum bites you but does no damage.
The anaconda simulacrum constricts you.
The anaconda simulacrum's grasp on you weakens, but your attempt to escape fails.
The anaconda simulacrum bites you but does no damage.
The anaconda simulacrum constricts you. The entropy weaver simulacrum hits you.
* * * LOW HITPOINT WARNING * * *
The entropy weaver simulacrum freezes you!!
You resist.
* * * LOW HITPOINT WARNING * * *
With a swish of your cloak, you release a cloud of fog.
The entropy weaver simulacrum hits you.
* * * LOW HITPOINT WARNING * * *
The entropy weaver simulacrum freezes you!
You resist.
* * * LOW HITPOINT WARNING * * *
The entropy weaver simulacrum hits you but does no damage.
The entropy weaver simulacrum hits you!
* * * LOW HITPOINT WARNING * * *
The entropy weaver simulacrum freezes you!
You resist.
* * * LOW HITPOINT WARNING * * *
Okay, then.
You feel much better.
The anaconda simulacrum barely misses you.
The anaconda simulacrum constricts you.
* * * LOW HITPOINT WARNING * * *
The entropy weaver simulacrum hits you.
* * * LOW HITPOINT WARNING * * *
The entropy weaver simulacrum freezes you!
You resist.
* * * LOW HITPOINT WARNING * * *
The entropy weaver simulacrum hits you.
* * * LOW HITPOINT WARNING * * *
The entropy weaver simulacrum freezes you!
You resist.
* * * LOW HITPOINT WARNING * * *
The entropy weaver simulacrum hits you but does no damage. x2
The anaconda simulacrum bites you.
* * * LOW HITPOINT WARNING * * *
The anaconda simulacrum freezes you. You resist.
You die...

######
##....###
#.......###
##..###...##
##..###...##
##..###...##
#...###..§###
##..#
##.§§§## ##
###...#
##.§@§#
.###....##
###ZZ#
.......##
#§§§#
....####
#...## ...##
...### ..##
...## .## ..#
## ##


You could see an anaconda simulacrum and an entropy weaver simulacrum.

Vanquished Creatures
  Rupert (Lair:5)
  Gastronok (Lair:1)
  A dire elephant (Gauntlet)
  A minotaur (Gauntlet)
  A fire dragon (Volcano)
  Fannar (Lair:1)
  4 boulder beetles
  3 hydras
  A two-headed ogre (D:11)
  A death yak (Lair:5)
  2 thrashing horrors (Gauntlet)
  Sonja (Lair:5)
  Nergalle (D:10)
  Pikel (D:7)
  3 lindwurms (Volcano)
  2 cyclopes (D:11)
  2 ugly things (D:11)
  Maurice (D:8)
  A black mamba (Lair:4)
  10 cane toads
  16 elephants
  Maggie (D:6)
  2 smoke demons (Volcano)
  A kobold demonologist (D:10)
  4 rime drakes
  4 komodo dragons
  2 ice devils
  A tengu conjurer (D:11)
  A burning bush (Lair:5)
  3 trolls
  2 polar bears (Lair:4)
  3 meliai (Gauntlet)
  A hornet (Lair:1)
  12 blink frogs
  6 dream sheep (Lair:5)
  A vampire (D:11)
  2 wyverns
  A water elemental (D:11)
  A shadow (D:11)
  31 yaks
  Eustachio (D:6)
  4 steam dragons (Volcano)
  2 basilisks
  A redback (Lair:2)
  Menkaure (D:6)
  8 vampire mosquitoes
  A harpy simulacrum (IceCv)
  3 swamp worms (Gauntlet)
  13 water moccasins
  3 black bears
  3 orc warriors
  A hell hound (Volcano)
  A sky beast (D:7)
  10 wolves
  6 centaurs
  A phantom (D:4)
  4 small abominations (Gauntlet)
  2 kobold brigands
  17 bullfrogs
  4 scorpions
  2 cane toad simulacra (IceCv)
  3 gnoll sergeants
  6 water moccasin zombies (Ossuary)
  A two-headed ogre simulacrum (IceCv)
  3 killer bees (D:10)
  An elephant simulacrum (IceCv)
  2 howler monkeys
  5 electric eels
  7 centaur zombies
  2 bullfrog zombies
  Crazy Yiuf (D:4)
  8 orc priests
  2 gnoll shamans
  6 hounds
  2 jellies
  Jessica (D:3)
  Ijyb (D:3)
  12 orc wizards
  4 polar bear simulacra (IceCv)
  A spriggan simulacrum (IceCv)
  4 wolf simulacra
  2 killer bee zombies
  2 mummies (Ossuary)
  Robin (D:2)
  A howler monkey zombie (D:8)
  26 gnolls
  A howler monkey skeleton (D:6)
  10 adders
  A naga simulacrum (IceCv)
  8 white imps
  An ufetubus (D:5)
  7 adder zombies (Ossuary)
  4 worms
  3 dart slugs
  29 orcs
  6 ball pythons
  11 bats
  9 endoplasms
  2 giant cockroaches
  19 goblins
  4 hobgoblins
  10 jackals
  25 kobolds
  2 quokkas
  5 frilled lizards
  4 hobgoblin zombies (Ossuary)
  7 kobold zombies (Ossuary)
  5 orc zombies (Ossuary)
  A quokka skeleton (D:4)
  6 rats
  A spectral goblin (D:1)
507 creatures vanquished.

Vanquished Creatures (collateral kills)
  A hydra (D:11)
  3 foxfires (Lair:5)
4 creatures vanquished.

Vanquished Creatures (others)
  A fire vortex (Lair:3)
  86 foxfires
  17 fungi
  17 plants
  4 withered plants
125 creatures vanquished.

Grand Total: 636 creatures vanquished

Notes
Turn   | Place    | Note
-------+----------+-------------------------------------------
     0 | D:1      | CryoSword the Troll Cinder Acolyte began the quest for the
                  | Orb.
     0 | D:1      | Reached XP level 1. HP: 22/22 MP: 1/1
    70 | D:1      | Reached XP level 2. HP: 26/29 MP: 2/2
   547 | D:1      | Found a faded altar of an unknown god.
   939 | D:2      | Reached skill level 4 in Unarmed Combat
   939 | D:2      | Reached XP level 3. HP: 27/36 MP: 3/3
   957 | D:2      | Noticed a black bear
   980 | D:2      | Killed a black bear
   981 | D:2      | Reached skill level 5 in Unarmed Combat
   981 | D:2      | Reached XP level 4. HP: 33/45 MP: 4/4
   981 | D:2      | Reached XP level 5. HP: 39/53 MP: 5/5
  1281 | D:2      | Noticed Robin
  1354 | D:2      | Killed Robin
  1874 | D:3      | Noticed Jessica
  1885 | D:3      | Killed Jessica
  1886 | D:3      | Reached skill level 1 in Dodging
  1937 | D:3      | Reached XP level 6. HP: 59/62 MP: 6/6
  2038 | D:3      | Noticed Ijyb
  2051 | D:3      | Killed Ijyb
  2282 | D:3      | Learned a level 2 spell: Scorch
  2345 | D:3      | Found a bloodstained altar of Trog.
  2345 | D:3      | Found a stormy altar of Qazlal.
  2714 | D:4      | Found a staircase to the Ecumenical Temple.
  2725 | D:4      | Reached skill level 6 in Unarmed Combat
  2744 | D:4      | Identified the +6 spear of Gozag's Approval {vorpal, Will+
                  | Str+2 Dex+4}
  2759 | D:4      | Found a sand-covered staircase.
  2768 | Ossuary  | Entered an ossuary
  2860 | Ossuary  | Reached XP level 7. HP: 54/70 MP: 7/7
  2918 | Ossuary  | Reached skill level 7 in Unarmed Combat
  2996 | D:4      | Noticed Vanger27's ghost (amateur GrFi)
  2997 | D:4      | Found a runed translucent door.
  3049 | D:4      | Found a sparkling altar of Nemelex Xobeh.
  3175 | D:4      | Found a glowing drain.
  3196 | Sewer    | Entered a sewer
  3522 | D:4      | Found a runed translucent door.
  3523 | D:4      | Noticed Crazy Yiuf
  3774 | D:4      | Killed Crazy Yiuf
  3868 | D:5      | Entered Level 5 of the Dungeon
  3879 | D:4      | Reached XP level 8. HP: 79/79 MP: 8/8
  4187 | D:5      | Reached skill level 5 in Fighting
  4187 | D:5      | Reached skill level 8 in Unarmed Combat
  4607 | D:6      | Identified the +8 whip of Tulyiwk {venom, rN+ Int+2 Dex+4}
  4649 | D:6      | Noticed Eustachio
  4660 | D:6      | Killed Eustachio
  4712 | D:6      | Noticed Maggie
  4724 | D:6      | Killed Maggie
  4725 | D:6      | Reached skill level 9 in Unarmed Combat
  4725 | D:6      | Reached skill level 1 in Necromancy
  4725 | D:6      | Reached XP level 9. HP: 88/88 MP: 8/10
  5007 | D:6      | Found a hazy altar of Hepliaklqana.
  5060 | D:6      | Found a glowing silver altar of Zin.
  5062 | D:6      | Found an ornate altar of the Wu Jian Council.
  5150 | D:6      | Noticed Menkaure
  5163 | D:6      | Killed Menkaure
  5464 | D:7      | Found a runed translucent gate.
  5465 | D:7      | Found a runed translucent gate.
  5584 | D:7      | Found a runed translucent gate.
  5585 | D:7      | Noticed Peloso's ghost (novice MiFi)
  6064 | D:8      | Noticed Maurice
  6082 | D:8      | Killed Maurice
  6083 | D:8      | Reached skill level 10 in Unarmed Combat
  6129 | D:8      | Noticed Pikel
  6258 | D:7      | Killed Pikel
  6259 | D:7      | Reached XP level 10. HP: 92/98 MP: 9/12
  6382 | D:8      | Found a runed translucent gate.
  6382 | D:8      | Found a runed translucent gate.
  6383 | D:8      | Noticed a ten-headed hydra
  6383 | D:8      | Noticed 101zpm's ghost (novice DjFE)
  6386 | D:8      | Found a runed translucent gate.
  6544 | D:8      | Reached skill level 5 in Dodging
  7431 | D:9      | Identified the +1 robe "Reoppyagg" {Harm}
  7442 | D:9      | Reached skill level 11 in Unarmed Combat
  7591 | D:9      | Found a staircase to the Orcish Mines.
  7837 | D:10     | Entered Level 10 of the Dungeon
  8044 | D:10     | Identified the +4 war axe of the Radish {vorpal, rCorr}
  8124 | D:10     | Noticed Nergalle
  8137 | D:10     | Noticed a spectral orc warlord
  8141 | D:10     | Killed Nergalle
  8372 | D:10     | Reached XP level 11. HP: 108/109 MP: 11/14
  8542 | D:10     | Reached skill level 12 in Unarmed Combat
  8581 | D:10     | Noticed a boulder beetle
  8618 | D:10     | Killed a boulder beetle
  8866 | D:11     | Noticed a two-headed ogre
  9026 | D:11     | Found a runed translucent gate.
  9027 | D:11     | Found a runed translucent gate.
  9028 | D:11     | Found a runed translucent gate.
  9031 | D:11     | Noticed spica's ghost (novice MiBe)
  9031 | D:11     | Noticed CryoSword's ghost (journeyman GrEE)
  9162 | D:11     | Noticed a brown ugly thing
  9327 | D:11     | Found a staircase to the Lair.
  9531 | D:11     | Noticed a seven-headed hydra
  9568 | D:11     | Killed an eight-headed hydra
  9680 | D:11     | Noticed a green ugly thing
  9687 | D:11     | Reached skill level 13 in Unarmed Combat
  9694 | D:11     | Killed a green ugly thing
  9699 | D:11     | Identified the +1 scale mail of the Invisible Hand {rC+
                  | Stlth+}
  9874 | D:11     | Noticed a five-headed hydra
  9874 | D:11     | Noticed a boulder beetle
  9962 | D:11     | Killed a seven-headed hydra
  9979 | D:11     | Killed a boulder beetle
 10000 | D:11     | Identified the +2 mace of Evisceration {drain, Dex+2}
 10085 | D:11     | Killed a two-headed ogre
 10239 | D:11     | Killed a brown ugly thing
 10362 | Lair:1   | Entered Level 1 of the Lair of Beasts
 10392 | Lair:1   | Reached XP level 12. HP: 94/122 MP: 12/15
 10470 | Lair:1   | Noticed Gastronok
 10502 | Lair:1   | Killed Gastronok
 10503 | Lair:1   | Reached skill level 14 in Unarmed Combat
 10619 | Lair:1   | Noticed Fannar
 10626 | Lair:1   | Killed Fannar
 10691 | Lair:1   | Paralysed by a hornet for 3 turns
 10849 | Lair:1   | Noticed an eight-headed hydra
 10870 | Lair:1   | Killed an eight-headed hydra
 11571 | Lair:2   | Found a staircase to the Shoals.
 11614 | Lair:2   | Found a hole to the Spider Nest.
 11617 | Lair:2   | Reached skill level 1 in Armour
 11699 | Lair:2   | Reached skill level 15 in Unarmed Combat
 12121 | Lair:3   | Found a gate leading to a gauntlet.
 12278 | Gauntlet | Entered a Gauntlet
 12278 | Gauntlet | Found a transporter.
 12278 | Gauntlet | Found a runed translucent door.
 12302 | Gauntlet | Found a runed translucent door.
 12304 | Gauntlet | Found a transporter.
 12308 | Gauntlet | Found a transporter.
 12316 | Gauntlet | Found a transporter.
 12320 | Gauntlet | Found a transporter.
 12324 | Gauntlet | Noticed a dire elephant
 12328 | Gauntlet | Found a transporter.
 12332 | Gauntlet | Found a transporter.
 12344 | Gauntlet | Found a transporter.
 12344 | Gauntlet | Found a transporter.
 12352 | Gauntlet | Found a transporter.
 12373 | Gauntlet | Found a transporter.
 12377 | Gauntlet | Found a runed translucent door.
 12385 | Gauntlet | Found a transporter.
 12398 | Gauntlet | Found a transporter.
 12411 | Gauntlet | Found a transporter.
 12444 | Gauntlet | Reached XP level 13. HP: 93/131 MP: 9/16
 12592 | Gauntlet | Killed a dire elephant
 12804 | Gauntlet | Noticed a minotaur
 12817 | Gauntlet | Killed a minotaur
 12818 | Gauntlet | Reached skill level 16 in Unarmed Combat
 12843 | Lair:3   | Learned a level 8 spell: Necromutation
 12850 | Lair:3   | Learned a level 5 spell: Agony
 13063 | Lair:3   | Found a runed translucent door.
 13064 | Lair:3   | Noticed Yjeari's ghost (journeyman GrMo)
 13159 | Lair:3   | Reached skill level 10 in Fighting
 13162 | Lair:3   | Reached skill level 1 in Transmutations
 13772 | Lair:4   | Found a dark tunnel.
 13777 | Volcano  | Entered a volcano
 14033 | Volcano  | Found the +2 cloak of the Thief {*Fog Slay-2 SInv Stlth+}
 14033 | Volcano  | Noticed a fire dragon
 14048 | Volcano  | Killed a fire dragon
 15266 | Lair:5   | Found a staircase to the Slime Pits.
 15540 | Lair:5   | Found an ornate altar of the Wu Jian Council.
 15569 | Lair:5   | Reached XP level 14. HP: 144/144 MP: 15/17
 15612 | Lair:5   | Noticed Rupert
 15643 | Lair:5   | Reached skill level 1 in Stealth
 15660 | Lair:5   | Killed Rupert
 15661 | Lair:5   | Reached skill level 5 in Armour
 15874 | Lair:5   | Noticed Sonja
 15888 | Lair:5   | Killed Sonja
 16073 | Lair:6   | Entered Level 6 of the Lair of Beasts
 16095 | Lair:6   | Found a frozen archway.
 16340 | IceCv    | Entered an ice cave
 16469 | IceCv    | Reached skill level 17 in Unarmed Combat
 16551 | IceCv    | HP: 1/139 [entropy weaver simulacrum (11)]
 16552 | IceCv    | Slain by an anaconda simulacrum

Illustrated notes

Levels and vault maps discovered:
D:1:      scummos_arrival_hexagon, layout_basic,
          dreamdust_ecumenical_altar_drowned_temple, feat_on_display
D:2:      cheibrodos_old_hovel, layout_basic, nrook_loot_triangle, nrook_uturn,
          uniq_robin
D:3:      layout_loops_cross, gammafunk_temple_overflow_elements, uniq_jessica,
          uniq_ijyb
D:4:      layout_rooms, overflow_temple_1_default, minmay_temple_entry_tees,
          nicolae_ossuary_entry_monument, cheibrodos_sewer_entry_bend,
          gammafunk_ghost_grave, uniq_crazy_yiuf_cottage
D:5:      layout_basic, minmay_between
D:6:      layout_gridville, grunt_temple_overflow_open, uniq_menkaure,
          uniq_maggie, uniq_eustachio
D:7:      layout_gridville, gammafunk_ghost_necromancy
D:8:      old_forge, layout_loops_ring, gammafunk_ghost_hydra_chop,
          uniq_maurice, uniq_pikel
D:9:      layout_roguey, orc_0_dummy
D:10:     layout_cave_pods, uniq_nergalle
D:11:     minmay_tri_box, layout_cave_pools, erik_lair_island,
          gammafunk_ghost_cemetery
Lair:1:   layout_chaotic_city, serial_bayou_pond_b, serial_bayou_shore_a,
          uniq_fannar, uniq_gastronok
Lair:2:   layout_big_grid, elwin_shoals_entry_rocks, spider_nest_entry_webs,
          st_stairs_5
Lair:3:   hellmonk_destroyed_diamonds, layout_gridlike, gauntlet_entry_generic,
          gammafunk_ghost_grave
Lair:4:   layout_concentric_octagons, enter_volcano_4, st_stairs_12
Lair:5:   layout_gridlike, slime_dummy, basic_altar, minivault_23,
          evilmike_ambush [evilmike_ambush_outer_pillars,
          evilmike_ambush_inner_cross], uniq_sonja, uniq_rupert
Lair:6:   hangedman_lair_caniforms_friends, layout_regular_city,
          guppyfry_lair_end_dragon, portal_ice_cave_entry_ice_simulacra,
          ebering_ghost_reflecting_pool, grunt_megastairs_5
IceCv:    ice_cave_small_necro

Skill      XL: |  1  2  3  4  5  6  7  8  9 10 11 12 13 14 |
---------------+-------------------------------------------+-----
Unarmed Combat | 4 5 6 7 9 10 11 13 15 16 17 | 17.0
Fighting       | 3 4 5 6 7 8 9 10 | 10.5
Dodging        | 1 2 4 6 7 8 |  8.0
Necromancy     | 1 3 4 |  4.9
Spellcasting   | 2 3 |  3.0
Armour         | 2 4 5 |  5.0
Transmutations | 2 3 |  3.0
Stealth        | 1 |  1.4
Fire Magic     | |  2.1

Action                   |  1- 3 |  4- 6 |  7- 9 | 10-12 | 13-15 || total
-------------------------+-------+-------+-------+-------+-------++-------
Melee: Unarmed           |    72 |   196 |   396 |   626 |   426 ||  1716
       Punch             |       |     4 |    11 |    44 |    41 ||   100
       Spear             |       |       |       |       |     3 ||     3
Throw: Large rock        |       |       |       |     6 |     2 ||     8
       Dart              |       |       |       |     3 |     2 ||     5
       Throwing net      |       |       |       |     1 |     1 ||     2
 Cast: Scorch            |       |    24 |    46 |     4 |       ||    74
Invok: Foxfire Swarm     |       |       |       |     2 |     2 ||     4
       Fiery Armour      |       |       |       |       |     4 ||     4
Evoke: Wand              |       |       |     5 |    12 |     6 ||    23
       Phantom mirror    |       |       |       |     1 |     1 ||     2
       Lightning rod     |       |       |       |       |     4 ||     4
  Use: Scroll            |       |     4 |     3 |     9 |     4 ||    20
       Potion            |       |       |     1 |     3 |     4 ||     8
 Stab: Paralysed         |       |       |    12 |     1 |     3 ||    16
       Distracted        |       |       |       |     1 |       ||     1
       Held in net/web   |       |       |       |     1 |     1 ||     2
       Invisible         |       |       |       |       |     3 ||     3
Armor: Robe              |    39 |    86 |   128 |       |    20 ||   273
       Steam dragon scal |       |       |   101 |    43 |    17 ||   161
       Troll leather arm |       |       |       |   293 |   196 ||   489
Dodge: Dodged            |    40 |    93 |   214 |   324 |   206 ||   877
